 Dungeon Crawl Stone Soup version 0.31-a0-986-g5e6e4ef867 (webtiles) character file.

Game seed: 10598908728324634613

30 sammy202020 the Ruffian (level 3, 26/26 HPs)
             Began as a Demonspawn Shapeshifter on Nov 22, 2023.
             Quit the game on level 1 of the Dungeon.
             The game lasted 00:01:18 (893 turns).

sammy202020 the Ruffian (Demonspawn Shapeshifter)    Turns: 893, Time: 00:01:19

Health: 26/26      AC:  5    Str: 14 (16) XL:     3   Next: 5%
Magic:  3/3        EV: 10    Int:  9 (11) God:
Gold:   17         SH:  0    Dex:  9 (12) Spells: 2/2 levels left

rFire   + .          .
                       - Unarmed
rCold   . . .        (no shield)
rNeg    . . .        i - +0 ring mail
rPois   .            (helmet currently unavailable)
rElec   .            (cloak currently unavailable)
rCorr   .            (gloves currently unavailable)
SInv    .            (boots currently unavailable)
Will    .....        (no amulet) Stlth
                     (no ring)
HPRegen 0.24/turn    (no ring)
MPRegen 0.08/turn

%: no passive effects
@: beast-form, on berserk cooldown, slowed, very slow
A: beast (slay +1), weakness stinger 1, fire resistance 1, teleportitis 1
a: Begin Untransformation


You were on level 1 of the Dungeon.
You were a hulking beast.
You visited 1 branch of the dungeon, and saw 1 of its levels.

You collected 17 gold pieces.

Inventory:

Armour
 a - a +0 animal skin
 h - a +1 pair of boots
 i - a +0 ring mail (worn)
 j - a +0 pair of gloves
Jewellery
 e - a ring of magical power
Talismans
 c - a beast talisman
 d - a flux talisman
Potions
 b - a potion of lignification


   Skills:
 * Level 1.6 Fighting
 + Level 0.4 Armour
 + Level 2.0 Dodging
 * Level 3.0 Unarmed Combat
 * Level 3.0 Shapeshifting


You had 2 spell levels left.
You didn't know any spells.
Your spell library was empty.

Dungeon Overview and Level Annotations

Branches:
Dungeon (1/15)

Altars:


Innate Abilities, Weirdness & Mutations

You are a hulking beast.
Your limbs bulge with bestial killing power. (Slay +1)
You have a small tail.
Your flesh is heat resistant. (rF+)
You are occasionally teleported next to monsters.


Message History

No target in view!
No target in view!
No target in view!
No target in view!
You see here a hobgoblin corpse.
You see here a hobgoblin corpse.
You open the door.
There is an open door here.
Found a flux talisman.
m - a brown potion No target in view!
No target in view!
You now have 17 gold pieces (gained 8).
There is an open door here.
There is a stone staircase leading down here.
There is a stone staircase leading down here.
Done exploring.
Done exploring.
Done exploring.
As you read the scroll labelled REAMEYFAISCH, it crumbles to dust.
It is a scroll of enchant armour.
Your +0 pair of boots glows green for a moment.
As you read the scroll labelled TORADGHA IPEFYE, it crumbles to dust.
You hear a loud clanging noise!
It was a scroll of noise.
It was a potion of berserk rage.
A red film seems to cover your vision as you go berserk!
You feel yourself moving faster!
You feel mighty!
You are too berserk!
You feel a strong urge to attack something.
You feel your anger nearly subside.
You are no longer berserk.
You are exhausted.
You feel yourself slow down.
It was a potion of mutation.
You feel extremely strange.
You feel weirdly uncertain.
You feel resistant to heat.
It was a potion of degeneration.
There was something very wrong with that liquid.
You feel weakened.
You feel dopey.
You feel clumsy.
Are you sure you want to abandon this character and quit the game? (Confirm with "yes".)

≈≈.>~≈≈≈≈≈≈.......# #.#
≈≈.≈≈~≈≈≈≈≈######## #.#
..≈≈≈~≈≈≈≈≈......# #.#
≈≈≈≈≈~≈≈≈≈≈#####.# #.#
≈≈≈≈~≈≈8≈≈≈#####.# #.#
≈≈≈~≈≈≈≈≈≈....##.# #.#
≈≈≈~≈≈≈≈≈#.##.##.# #.#
≈≈≈≈~≈≈≈##.##.##.####.#
................h.....#
#######################
.# .# .# .# .# .# .#


There were no monsters in sight!

Vanquished Creatures
  2 dart slugs (D:1)
  3 ball pythons (D:1)
  2 endoplasms (D:1)
  A giant cockroach (D:1)
  A goblin (D:1)
  A hobgoblin (D:1)
  5 jackals (D:1)
  2 quokkas (D:1)
  2 bats (D:1)
  2 frilled lizards (D:1)
  A kobold (D:1)
  A rat (D:1)
23 creatures vanquished.

Notes
Turn   | Place    | Note
-------+----------+-------------------------------------------
     0 | D:1      | sammy202020 the Demonspawn Shapeshifter began the quest for
                  | the Orb.
     0 | D:1      | Reached XP level 1. HP: 15/15 MP: 1/1
   308 | D:1      | Gained mutation: You have a small tail. [demonic ancestry]
   308 | D:1      | Reached XP level 2. HP: 18/21 MP: 2/2
   517 | D:1      | Reached XP level 3. HP: 26/26 MP: 3/3
   891 | D:1      | Gained mutation: You are occasionally teleported next to
                  | monsters. [potion of mutation]
   891 | D:1      | Gained mutation: Your flesh is heat resistant. (rF+)
                  | [potion of mutation]
   893 | D:1      | Quit the game

Illustrated notes

Levels and vault maps discovered:
D:1:      nzn_arrival_water_spiral, layout_loops_ring, kennysheep_minor_cross

Skill      XL: |  1  2 |
---------------+-------+-----
Unarmed Combat | 3 |  3.0
Dodging        | 2 |  2.0
Shapeshifting  | 3 |  3.0
Fighting       | |  1.6
Armour         | |  0.4

Action                     || total
---------------------------++-------
  Melee: Unarmed           ||    59
         Tailslap          ||     1
    Use: Potion            ||     3
         Scroll            ||     2
   Stab: Sleeping          ||     1
 Armour: Animal skin       ||    23
         Ring mail         ||     1
  Dodge: Dodged            ||    41

Table legend: (Time is in decaauts)
 A = Elapsed time spent in this place.
 B = Non-inter-level travel time spent in this place.
 C = Inter-level travel time spent in this place.
 D = Time resting spent in this place.
 E = Time spent auto-exploring this place.
 F = Levels seen in this place.
 G = Mean time per level.
                   A        B        C        D        E       F      G
               +--------+--------+--------+--------+--------+-----+--------+
         Total |    890 |    890 |      0 |    156 |    555 |   1 |  890.0 |
       Dungeon |    890 |    890 |      0 |    156 |    555 |   1 |  890.0 |
               +--------+--------+--------+--------+--------+-----+--------+

Top non-repeatable levels by time:
     D:1: 890 daAuts
